Cogmind - Beta 16 @@@ ROGUE MODE // 2025.11.01 @ 17:50:23 Player: Not_Jesus8 Result: Destroyed by L-31 Rogue with Katana Performance ------------- Evolutions (0) 0 Regions Visited (3) 600 Robots Destroyed (8) 40 Value Destroyed (173) 173 Prototype IDs (0) 0 Alien Tech Used (0) 0 Bonus (0) 0 TOTAL SCORE: 813 Bonus ------- None Cogmind --------- Core Integrity 0/250 Matter 201/300 Energy 100/100 System Corruption 1% Temperature Cool (0) Movement Walking (260) Ox2 Location -8/Recycling Parts ------- > --- POWER (1) -------- (None) > --- PROPULSION (2) --- Aluminum Leg > --- UTILITY (2) ------ Large Storage Unit > --- WEAPON (2) ------- Heavy Assault Rifle > --- INVENTORY (15) --- Small Storage Unit Melee Analysis Suite Melee Analysis Suite Authchip [Propulsion] Authchip [Device] Authchip [Device] Authchip [Device] Heavy Particle Cannon Peak State ------------ > --- POWER ------------ Light Nuclear Core > --- PROPULSION ------- Aluminum Leg Aluminum Leg > --- UTILITY ---------- Large Storage Unit Improved Light Armor Plating > --- WEAPON ----------- Light Assault Rifle Light Assault Rifle > --- INVENTORY -------- Aluminum Leg Aluminum Leg Small Storage Unit Authchip [Propulsion] Authchip [Device] Authchip [Device] Authchip [Device] Heavy Particle Cannon [Rating: 13] Favorites ----------- Power Light Nuclear Core Engine Ion Engine Power Core Light Nuclear Core Propulsion Aluminum Leg Leg Aluminum Leg Utility Large Storage Unit Device Seismic Detector Storage Large Storage Unit Protection Improved Light Armor Plating Weapon Light Assault Rifle Ballistic Gun Light Assault Rifle Build | -11 -10 -10 -8 ------- Run | Yrd Mat Sub Rec Slots Evolved . | . . . . Power . | . . . . Propulsion . | . . . . Utility . | . . . . Weapon . | . . . . Parts Attached 14 | 7 . . 7 Power 2 | 1 . . 1 Engine 1 | 1 . . . Core 1 | . . . 1 Reactor . | . . . . Propulsion 4 | 2 . . 2 Treads . | . . . . Leg 4 | 2 . . 2 Wheel . | . . . . Hover . | . . . . Flight . | . . . . Utility 4 | 2 . . 2 Device 1 | 1 . . . Storage 2 | 1 . . 1 Processor . | . . . . Hackware . | . . . . Protection 1 | . . . 1 Artifact . | . . . . Weapon 4 | 2 . . 2 Energy Gun . | . . . . Energy Cannon . | . . . . Ballistic Gun 4 | 2 . . 2 Ballistic Cannon . | . . . . Launcher . | . . . . Special Weapon . | . . . . Impact Weapon . | . . . . Slashing Weapon . | . . . . Piercing Weapon . | . . . . Special Melee Weapon . | . . . . Unidentified Prototypes . | . . . . Parts Lost 8 | . . 2 6 Power 2 | . . 1 1 Propulsion 2 | . . . 2 Utility 1 | . . . 1 Weapon 3 | . . 1 2 Highest Loss Streak 3 | . . 2 3 To Critical Strikes . | . . . . Average Backups 5 | . . 2 7 Power . | . . . . Propulsion 1 | . . 1 1 Utility 3 | . . . 4 Weapon . | . . 1 1 Tool/Special . | . . . . Unused Backups 12 | . . 3 9 Power . | . . . . Propulsion 1 | . . 1 . Utility 6 | . . . 6 Weapon 5 | . . 2 3 Tool/Special . | . . . . Average Slot Usage (%) 82 | . 97 98 78 Engine 2 | . 14 13 . Core 6 | . . . 8 Leg 23 | . 28 28 21 Device 3 | . 14 14 . Storage 14 | . 14 14 14 Protection 4 | . . . 6 Ballistic Gun 26 | . 25 27 26 Peak Build Rating 13 | 7 7 7 13 Average Rating 8 | 5 6 6 9 On Entrance 4 | . 7 7 5 Avg Prop Armor Cover (%) . | . . . . Naked Turns . | . . . . Heaviest Build 30 | 14 14 14 30 Greatest Support 20 | 20 20 20 20 Greatest Overweight (x) 7 | . . . 7 Average Overweight (x) . | . . . 1 Largest Inventory Capacity 15 | 8 8 8 15 Average Capacity 12 | 6 8 8 14 Most Carried 10 | . . 5 10 Average Carried 5 | . . 2 7 Final Capacity 15 | 8 8 8 15 Final Carried 8 | . . 3 8 Class Distribution -------------------- 100% | Mutant Dominant Class ---------------- Mutant | -10/Materials Mutant | -10/Subcaves Mutant | -8/Recycling Resources | -11 -10 -10 -8 ----------- Run | Yrd Mat Sub Rec Matter Collected 410 | 208 78 52 72 Remotely . | . . . . Salvage Created 271 | 24 . 80 167 Parts 18 | 3 . 7 8 Haulers Intercepted . | . . . . Recyclers Shooed 4 | . . . 4 Parts Field Recycled . | . . . . Retrieved Matter . | . . . . Parts Self-Destructed 7 | . . 7 . Prevented . | . . . . Parts Restored . | . . . . Kills | -11 -10 -10 -8 ------- Run | Yrd Mat Sub Rec Combat Hostiles Destroyed 6 | . . 4 2 Guns 6 | . . 4 2 Classes Destroyed 5 | 1 . 2 2 Tunneler 1 | 1 . . . Recycler 1 | . . . 1 Swarmer 3 | . . 3 . Sentry 2 | . . . 2 Subdweller 1 | . . 1 . Best Kill Streak 3 | 1 . 3 1 Combat Bots Only 3 | . . 3 1 Max Kills in Single Turn 1 | 1 . 1 1 Gunslinging . | . . . . Exploded . | . . . . Melee . | . . . . Uniques/NPCs Destroyed . | . . . . Combat | -11 -10 -10 -8 -------- Run | Yrd Mat Sub Rec Hostile Shots Fired 174 | . . 111 63 Missed 69 | . . 52 17 Hits 105 | . . 59 46 Melee 3 | . . . 3 Projectile 102 | . . 59 43 Critical Strikes 1 | . . . 1 Damage Taken 1141 | . . 471 670 Core 273 | . . 63 210 Absorbed by Shields . | . . . . Core Remaining (%) 100 | 100 . . . Volleys Fired 56 | 4 . 12 40 Largest 2 | 2 . 2 2 Hottest 43 | 40 . 40 43 Shots Fired 100 | 8 . 24 68 Gun 100 | 8 . 24 68 Cannon . | . . . . Launcher . | . . . . Special . | . . . . Kinetic 100 | 8 . 24 68 Thermal . | . . . . Explosive . | . . . . Electromagnetic . | . . . . Robot Hit Streak 15 | 5 . 6 15 Robot Miss Streak 4 | 2 . 3 4 Penetration Max . | . . . . Secondary Targets 1 | . . 1 . Max Gunslinging Chain 1 | . . 1 . Shots Hit Robots 65 | 5 . 13 47 Core Hits 20 | 2 . 8 10 Critical Kills . | . . . . Critical Parts Destroyed . | . . . . Critical Strikes . | . . . . Melee Attacks . | . . . . Impact . | . . . . Slashing . | . . . . Piercing . | . . . . Sneak Attacks . | . . . . Combat Hostiles . | . . . . Follow-up Attacks . | . . . . Damage Inflicted 659 | 52 . 154 453 Guns 647 | 52 . 154 441 Cannons . | . . . . Explosions . | . . . . Melee . | . . . . Ramming 12 | . . . 12 Kinetic 647 | 52 . 154 441 Thermal . | . . . . Explosive . | . . . . Electromagnetic . | . . . . Impact . | . . . . Slashing . | . . . . Piercing . | . . . . Highest Corruption 1 | . . . 1 Average Corruption 1 | . . . 1 Corruption Purged . | . . . . Corruption Blocked . | . . . . Effects 14 | . . . 14 Message Errors 2 | . . . 2 Matter Fused 4 | . . . 4 Energy Discharges 2 | . . . 2 Data Loss (minor) 2 | . . . 2 Data Loss (major) 3 | . . . 3 Weapon Failures 1 | . . . 1 Overload Shots . | . . . . Overflow Damage . | . . . . Projectiles . | . . . . Explosions . | . . . . Melee . | . . . . Knockbacks . | . . . . Impact . | . . . . Kinetic . | . . . . Secondary . | . . . . Self-Inflicted Damage . | . . . . Shots . | . . . . Rammed . | . . . . Targets Rammed 3 | . . . 3 Kicked 3 | . . . 3 Crushed . | . . . . Highest Temperature 58 | . . 10 58 Average Temperature 19 | . . 7 20 Received Heat Transfer 441 | . . 270 171 Siege Activations . | . . . . Martial Activations . | . . . . Shielding Activations . | . . . . Robots Disrupted . | . . . . Combat Hostiles . | . . . . Robots Corrupted . | . . . . Combat Hostiles . | . . . . Parts Fried . | . . . . Impact Corruptions . | . . . . Robots Melted . | . . . . Combat Hostiles . | . . . . Parts Melted . | . . . . Heat Transferred . | . . . . Parts Sabotaged . | . . . . Parts Stolen . | . . . . Parts Stripped . | . . . . Power Chain Reactions . | . . . . Alert | -11 -10 -10 -8 ------- Run | Yrd Mat Sub Rec Maximum Alert Level . | . . . . Low Security (%) 100 | 100 100 . 100 Level 1 . | . . . . Level 2 . | . . . . Level 3 . | . . . . Level 4 . | . . . . Level 5 . | . . . . High Security . | . . . . Max Security . | . . . . Peak Influence 24 | 5 . . 24 Initial 24 | . . . 24 Average 1 | . . . 2 Influence Increases 161 | 5 . 90 66 Destroy 0b10 Robot/C 100 | . . 60 40 Destroy 0b10 Robot/NC 10 | 5 . . 5 Successful Hack 21 | . . . 21 Lose Combat Pursuer 30 | . . 30 . Influence Decreases 161 | 5 . 40 116 Entered New Map 26 | . . . 26 Time Decay 115 | 5 . 20 90 Lost Part 20 | . . 20 . Squads Dispatched . | . . . . Investigation . | . . . . Extermination . | . . . . Reinforcement . | . . . . Assault . | . . . . Garrison . | . . . . Intercept . | . . . . Searches Triggered . | . . . . Construction Impeded . | . . . . Haulers Reinforced . | . . . . Active Scanning Responses . | . . . . Cargo Convoy Interrupts . | . . . . Stealth | -11 -10 -10 -8 --------- Run | Yrd Mat Sub Rec Distress Signals 1 | . . . 1 Communications Jammed . | . . . . Distress Signals . | . . . . Times Spotted 16 | . 1 9 6 Peak Tracking Total 6 | . 1 6 4 Tactical Retreats 1 | . . 1 . Traps | -11 -10 -10 -8 ------- Run | Yrd Mat Sub Rec Traps Triggered 1 | . 1 . . Indirectly . | . . . . Trap Hack Attempts . | . . . . Triggered . | . . . . Disarmed . | . . . . Reprogrammed . | . . . . Reused . | . . . . Traps Extracted . | . . . . Installed . | . . . . Triggered . | . . . . Machines | -11 -10 -10 -8 ---------- Run | Yrd Mat Sub Rec Machines Disabled . | . . . . Max in Single Turn . | . . . . Machines Repaired . | . . . . Machines Dismantled . | . . . . Machines Sabotaged . | . . . . Overloaded Fab Kills . | . . . . Hacking | -11 -10 -10 -8 --------- Run | Yrd Mat Sub Rec Machines Accessed 5 | . . . 5 Terminals 5 | . . . 5 Fabricators . | . . . . Repair Stations . | . . . . Recycling Units . | . . . . Scanalyzers . | . . . . Garrison Access . | . . . . Total Hacks 17 | . . . 17 Successful 6 | . . . 6 Failed 11 | . . . 11 Catastrophic 2 | . . . 2 Database Lockouts . | . . . . Manual 17 | . . . 17 Terminals 17 | . . . 17 Fabricators . | . . . . Repair Stations . | . . . . Recycling Units . | . . . . Scanalyzers . | . . . . Garrison Access . | . . . . Terminal Hacks 3 | . . . 3 Branch Access Points 1 | . . . 1 Terminal Index 2 | . . . 2 Fabricator Hacks . | . . . . Repair Station Hacks . | . . . . Recycling Unit Hacks . | . . . . Scanalyzer . | . . . . Garrison Access Hacks . | . . . . Unauthorized Hacks 3 | . . . 3 Terminals 3 | . . . 3 Botnet 3 | . . . 3 Fabricators . | . . . . Repair Stations . | . . . . Recycling Units . | . . . . Scanalyzers . | . . . . Garrison Access . | . . . . Data Cores Recovered . | . . . . Used . | . . . . Hacking Detections 5 | . . . 5 Full Trace Events 4 | . . . 4 Feedback Events 1 | . . . 1 Corruption 1 | . . . 1 Feedback Blocked . | . . . . Robot Schematics Acquired . | . . . . Robots Built . | . . . . Authchips . | . . . . Time . | . . . . Total Robot Build Rating . | . . . . Part Schematics Acquired . | . . . . Parts Built . | . . . . Authchips . | . . . . Time . | . . . . Total Part Build Rating . | . . . . Part Studies Acquired . | . . . . Parts Repaired . | . . . . Time . | . . . . Parts Recycled . | . . . . Recycled Matter . | . . . . Retrieved Matter . | . . . . Retrieved Components . | . . . . Parts Scanalyzed . | . . . . Part Schematics Acquired . | . . . . Parts Damaged . | . . . . Bothacking | -11 -10 -10 -8 ------------ Run | Yrd Mat Sub Rec Used RIF Installer . | . . . . Robots Hacked . | . . . . Non-combat . | . . . . Combat . | . . . . Robot Hacks Applied . | . . . . Relay Couplers Released . | . . . . Fabnet Peak Effective % . | . . . . Robots Rewired . | . . . . Allies Hacked . | . . . . Hacks Repelled . | . . . . Allies | -11 -10 -10 -8 -------- Run | Yrd Mat Sub Rec Total Allies . | . . . . Largest Group . | . . . . Highest-Rated Group . | . . . . Highest-Rated Ally . | . . . . Total Orders . | . . . . Ally Attacks . | . . . . Total Damage . | . . . . Kills . | . . . . Allies Corrupted . | . . . . Allies Melted . | . . . . Intel | -11 -10 -10 -8 ------- Run | Yrd Mat Sub Rec Active Infowar (turns) 354 | 24 104 170 56 Seismic 354 | 24 104 170 56 Robot Analysis Total . | . . . . Derelict Logs Recovered . | . . . . Drone Launches . | . . . . Drone Recoveries . | . . . . Exploration | -11 -10 -10 -8 ------------- Run | Yrd Mat Sub Rec Turns Passed 1631 | 97 104 170 1260 Spaces Moved 766 | 66 78 96 526 Core 8 | 4 . . 4 Treads . | . . . . Legs 758 | 62 78 96 522 Wheels . | . . . . Hover . | . . . . Flight . | . . . . Fastest Speed 50 | 50 120 120 120 Average Speed 175 | 115 120 120 200 Slowest Speed 400 | 120 120 120 400 Overloaded Moves . | . . . . Propulsion Burnouts . | . . . . Robots Hopped . | . . . . Potential Cave-ins . | . . . . Cave-ins Triggered . | . . . . Exploration Rate (%) 31 | 4 24 9 87 Regions Visited 3 Branch Regions 2 Pre-discovered Areas . | . . . . Known Exits Taken . | . . . . Unknown Exits Taken 3 | 1 1 1 . Scrap Searched . | . . . . Spaces Dug . | . . . . Terrain Destroyed . | . . . . Melee . | . . . . Projectile . | . . . . AOE . | . . . . Terrain Rammed . | . . . . Walls Destroyed . | . . . . Machines Disabled . | . . . . Actions | -11 -10 -10 -8 --------- Run | Yrd Mat Sub Rec Total 962 | 76 87 130 669 Wait 102 | . 8 14 80 Move 763 | 65 77 95 526 Hop . | . . . . Pick Up 15 | . . 6 9 Fast Attach 12 | 7 2 . 3 Attach 3 | . . . 3 Detach . | . . . . Swap 1 | . . . 1 Drop 7 | . . 3 4 Fire 56 | 4 . 12 40 Melee . | . . . . Ram . | . . . . Kick 3 | . . . 3 Crush . | . . . . Escape Stasis . | . . . . Rewire . | . . . . Trap . | . . . . Miscellaneous . | . . . . Route ------- -11/Scrapyard -10/Materials (discovered 2 exits: [*Mat] / [*Sub]) -10/Subcaves -8/Recycling History --------- Turn | Location | Event 6 | -11/Scrapyard | Discovered new exit (range 16) 98 | -11/Scrapyard | Entered Materials 99 | -10/Materials | Met a group of wandering Federalists 169 | -10/Materials | Discovered new exit (range 13) 197 | -10/Materials | Discovered new exit (range 6) 202 | -10/Materials | Entered Subcaves 202 | -10/Subcaves | Accompanied by 1 ally 203 | -10/Subcaves | Continued accompanying wandering Federalists (2) 304 | -10/Subcaves | Build established: Mutant 345 | -10/Subcaves | Discovered new exit (range 14) 372 | -10/Subcaves | Entered Recycling 978 | -8/Recycling | Core integrity fell below 50% 1172 | -8/Recycling | Lost 3 parts (1p1n1w) 1631 | -8/Recycling | Core integrity fell below 20% 1632 | -8/Recycling | Destroyed by L-31 Rogue with Katana Last Messages --------------- 01205_ R-06 Scavenger inserts Com. Wheel into recycling unit. 01260_ R-06 Scavenger inserts Lgt. Treads into recycling unit. 01308_ System corrupted: Matter fused (-6). 01400_ System corrupted: Matter fused (-7). 01458_ System corrupted: Component data lost. 01464_ Connecting with Terminal... >>Access(Branch) No branch access points found. 01534_ 8ZC,Q2VEDF>MMV&W#,KGIINW92 01576_ Y> PPODDSKEJV61B#DE 01605_ System corrupted: Substantial component data lost. 01612_ Y-45 Defender springs to life. 01623_ Lgt. Assault Rifle destroyed. 01625_ Destroyed Flight Unit. 01629_ P-60 Hacker resets L-31 Rogue, system corruption cleaned. 01631_ S-10 Pest destroyed. Map ----- +----------------------------------------------------+ | # #?# """ # #?? | | # ### """ # #?? | | # #"" """ # #"T"###"T"############?? | | # #"T + #"""#?#####????????????? | | # ! #"" """ # #####??????????????????? | | #!!! ### """ # #??????????????????????? | | # !! #?# """ + #??????????????????????? | | # # #?# # #??????????????????????? | | # # #?# # #??????????????????????? | | + # ! #?######## #??????????????????????? | | # # #??"#????# #??????????????????????? | | # ###+###"Y"###### #??????????????????????? | | # #??????????????????????? | | + +??????????????????????? | | # # ?????????????????????? | | ### #??????????????????????? | | #?# r ? ????????????????????????? | | #?# ????????????????????????????? | | #?# ???????????????????????????? | | #?# ???????????????????????????? | | #?# r ??????????????????????????? | | ### ???###############????????? | | ??? ] ]] #??####### | | ### ! | !%% *#??# | | +? ??? #??# "" | | @#? %?????[ #??# "T " | | l%###+########+#???# "" " | | p #???# " | | r r Y ##### #???# | | ###### #???# #???# | | #????? #???# #???# | | ###???? #???# #???##+##+# | | #????? ? ???# #????# | | #????????? ##??# ##???# | | !#?????????? #???# # ##### | | ###??????????## ##+#####+# | | #?????????????# # # ########+# | | #?????????????" # """ ## ##???# | | #?????????????Y # """ ## ###### | | ##???????????"" # """ + + | | #????????????# + """ ######### | | ##????????????# # """ #???????# | | ######+######## # #???????# | | ## # + #???????# | | ## # # #???????# | | ## # ##########???????# | | ## # #????????????????###### | | ## # ###########???????????? | | ## + # #???????????? | | ## # # #???????????? | +----------------------------------------------------+ Best States ------------- Heat Dissipation 25 Energy Generation 14 Energy Capacity 250 Matter Stores 300 Matter Capacity 300 Sight Range 16 Terrain Scan Density 10 Armor Coverage 150 Evasion (%) 55 Authchip Count 4 Item Schematics ----------------- None Robot Schematics ------------------ None Fabricated ------------ Nothing Repaired ---------- Nothing Studied --------- None Alien Tech Used ----------------- None Achievements -------------- Strength In Numbers Challenges ------------ None Game ------ Seed UtilityRegenerativeSabre Manual? 0 Play Time 00:13:17 Cumulative 22.0 hours Start 2025.11.01 @ 17:18:45 End 2025.11.01 @ 17:50:23 Sessions 1 Manual Loads 0 Difficulty Rogue Special Mode None Game No. 40 Rogue 40 Adventurer 0 Explorer 0 Win Type - Total 2 Types 2/0/0/0/0/0/0/0/0/0 Lore% 36 Gallery% 27 Achievement% 26 Wizard Run 0 Options --------- Layout 1 ASCII 0 Keyboard 1 Movement Arrows Keybinds 0 Fullscreen 1 Font 16/SmallcapsGlow Map View 50x54 Zoom Use 3% Tactical HUD 1 Map Filters NONE Filters NONE Steam 1 RUN: 3a20116a-1c4a-4fe7-b4eb-68ba9cf39bbb